 Dungeon Crawl Stone Soup version 0.17.1-3-g152610e (webtiles) character file.

103 Gargoyl the Skirmisher (level 4, 0/36 HPs)
             Began as a Demonspawn Abyssal Knight on Mar 12, 2016.
             Was a Believer of Lugonu.
             Slain by an orc
             ... wielding a +0 trident
              (4 damage)
             ... on level 3 of the Dungeon.
             The game lasted 00:06:41 (1909 turns).

Gargoyl the Skirmisher (Demonspawn Abyssal Knight)  Turns: 1909, Time: 00:06:41

Health: 0/36       AC:  6    Str: 13    XL:     4   Next: 51%
Magic:  0/6        EV: 13    Int: 14    God:    Lugonu [**....]
Gold:   168        SH:  0    Dex: 12    Spells: 0 memorised, 3 levels left

rFire  . . .     SeeInvis .     a - +1 hand axe
rCold  . . .     Clarity  .     d - +0 ring mail (curse)
rNeg   . . .     SustAt   .     (no shield)
rPois  .         Gourm    .     (no helmet)
rElec  .         Spirit   +     (no cloak)
rCorr  .         Warding  .     p - +0 pair of gloves
rMut   .         Stasis   .     (no boots)
MR     .....                    f - amulet of regeneration
Stlth  +.........               (no ring)
                                (no ring)

@: not resistant to hostile enchantments, very unstealthy
A: repulsion field 1, magic shield
a: Depart the Abyss, Bend Space, Renounce Religion


You were on level 3 of the Dungeon.
You worshipped Lugonu.
Lugonu was pleased with you.
You were hungry.

You visited 1 branch of the dungeon, and saw 3 of its levels.
You visited the Abyss 1 time.

You collected 168 gold pieces.

Inventory:

Hand Weapons
 a - a +1 hand axe (weapon)
Missiles
 t - 4 tomahawks (quivered)
Armour
 d - a cursed +0 ring mail (worn)
 p - a +0 pair of gloves (worn)
Jewellery
 f - an amulet of regeneration (around neck)
Scrolls
 e - a scroll of blinking {unknown}
 g - 3 scrolls of remove curse {unknown}
 h - a scroll of noise {unknown}
 j - 2 scrolls of identify {unknown}
 o - a scroll of random uselessness {unknown}
 q - 2 scrolls of teleportation {unknown}
Potions
 i - a potion of agility {unknown}
 l - a potion of brilliance {unknown}
 m - a potion of poison {unknown}
 n - 3 potions of heal wounds {unknown}
 s - a potion of lignification {unknown}
Comestibles
 b - a meat ration
 c - 4 bread rations
 k - a beef jerky


   Skills:
 + Level 3.6 Fighting
 + Level 2.5 Axes
 + Level 2.4 Armour
 + Level 2.0 Dodging
 + Level 0.4 Stealth
 + Level 2.9 Invocations


You had 3 spell levels left.
You didn't know any spells.

Dungeon Overview and Level Annotations

Branches:
Dungeon (3/15)

Altars:


Innate Abilities, Weirdness & Mutations

You are surrounded by a mild repulsion field (EV +2).
When hurt, damage is shared between your health and your magic reserves.


Message History

The orc hits you with a hand axe.
* * * LOW HITPOINT WARNING * * *
The orc barely misses you. The orc closely misses you.
The orc hits you but does no damage. x2
The orc barely misses you. The orc misses you.
The orc hits you but does no damage. The orc hits you with a hand axe.
* * * LOW HITPOINT WARNING * * *
The orc misses you. The orc closely misses you.
The orc hits you from afar with a trident.
* * * LOW HITPOINT WARNING * * *
The orc hits you but does no damage. The orc hits you but does no damage.
The orc closely misses you. The orc misses you. The orc barely misses you.
The orc hits you from afar with a trident.
* * * LOW HITPOINT WARNING * * *
The orc hits you but does no damage.
The orc hits you from afar with a trident.
You die...

#.######<# #.#....#.#
#.# #.#.##.#.# #.#
#.#....#.#
#.########.#.#..#.#
#..........))#).#.#
##+#..........#)#..#.#
#.............#.#..#.#
##....####.#.#..@#..#.#
......).......o#o#..#.#
...........>.#.#.####.#
##....#....#.#.#(.....#
####.#..#.o.#o########
#.#..#.).........#
#.#..#####...###.#
#.#..........#
#.#.#######..#


You could see 2 orcs.

Vanquished Creatures
  Ijyb (D:3)
  2 adders
  3 worms
  An orc (D:2)
  7 bats
  7 giant cockroaches
  4 goblins
  7 hobgoblins
  6 kobolds
  A quokka (D:2)
  3 giant newts (D:1)
  3 rats
45 creatures vanquished.

Notes
Turn   | Place    | Note
--------------------------------------------------------------
     0 | Abyss:1  | Gargoyl the Demonspawn Abyssal Knight began the quest for the Orb.
     0 | Abyss:1  | Reached XP level 1. HP: 18/18 MP: 2/2
    49 | Abyss:1  | Noticed a sixfirhy
    50 | D:1      | Escaped the Abyss
    60 | D:1      | Reached * piety under Lugonu
   275 | D:1      | Gained mutation: You are surrounded by a mild repulsion field (EV +2). [demonic ancestry]
   275 | D:1      | Reached XP level 2. HP: 24/24 MP: 4/4
   325 | D:1      | Reached skill level 1 in Dodging
  1037 | D:2      | Reached XP level 3. HP: 7/29 MP: 5/5
  1390 | D:2      | Reached ** piety under Lugonu
  1670 | D:3      | Noticed Ijyb
  1691 | D:3      | Gained mutation: When hurt, damage is shared between your health and your magic reserves. [demonic ancestry]
  1691 | D:3      | Reached XP level 4. HP: 25/35 MP: 6/6
  1695 | D:3      | Killed Ijyb
  1909 | D:3      | Slain by an orc

Action                   |  1- 3 |  4- 6 || total
-------------------------+-------+-------++-------
Melee: Hand axe          |   155 |    30 ||   185
Invok: Depart the Abyss  |     1 |       ||     1
  Eat: Chunk             |     2 |     1 ||     3
       Fruit             |     1 |       ||     1
